 Dungeon Crawl Stone Soup version 0.31.0-2-g5a2aebc5c2 (webtiles) character file.

Game seed: 17330105833257578097

13012 EnegeticOcto the Cleaver (level 11, -2/101 HPs)
             Began as a Minotaur Fighter on Jan 20, 2024.
             Was an Initiate of Gozag.
             Slain by an unseen horror (8 damage)
             ... on level 11 of the Dungeon.
             The game lasted 00:05:47 (9976 turns).

EnegeticOcto the Cleaver (Minotaur Fighter)         Turns: 9976, Time: 00:05:47

Health: -2/101     AC: 18    Str: 25    XL:     11   Next: 70%
Magic:  10/10      EV: 11    Int:  5    God:    Gozag
Gold:   936        SH: 12    Dex: 16    Spells: 10/10 levels left

rFire   . . .        a - +1 broad axe
rCold   + + .        h - +0 kite shield
rNeg    . . .        z - +2 plate armour {rC+}
rPois   .            F - +1 hat of Suosel {rC+}
rElec   .            i - +0 cloak
rCorr   .            K - +2 pair of gloves
SInv    .            o - +2 pair of boots
Will    .....        (no amulet) Stlth
                     j - +6 ring of dexterity
HPRegen 0.36/turn    q - +5 ring of evasion
MPRegen 0.12/turn

%: no passive effects
@: corroded, gold aura
A: horns 2, retaliatory headbutt
a: Renounce Religion, Potion Petition, Call Merchant, Bribe Branch


You were on level 11 of the Dungeon.
You worshipped Gozag.
Gozag was pleased with you.
You visited 2 branches of the dungeon, and saw 12 of its levels.

You collected 1789 gold pieces.
You spent 83 gold pieces at shops.
You paid 770 gold pieces to Gozag.

Inventory:

Hand Weapons
 a - a +1 broad axe (weapon)
   (You found it on level 1 of the Dungeon)
 k - a +0 war axe
Armour
 b - a +0 scale mail
 h - a +0 kite shield (worn)
   (You found it on level 1 of the Dungeon)
 i - a +0 cloak (worn)
   (You found it on level 1 of the Dungeon)
 o - a +2 pair of boots (worn)
   (You found it on level 1 of the Dungeon)
 t - a +0 chain mail
   (You took it off an orc on level 4 of the Dungeon)
 z - a +2 plate armour of cold resistance (worn)
   (You took it off an orc warrior on level 10 of the Dungeon)
 F - the +1 hat of Suosel (worn) {rC+}
   (You found it on level 10 of the Dungeon)

   rC+:       It protects you from cold.
 J - a +0 plate armour
   (You took it off an orc warrior on level 7 of the Dungeon)
 K - a +2 pair of gloves (worn)
   (You found it on level 10 of the Dungeon)
Jewellery
 f - a ring of protection from cold
   (You found it on level 8 of the Dungeon)
 j - a +6 ring of dexterity (left hand)
   (You found it on level 3 of the Dungeon)
 q - a +5 ring of evasion (right hand)
   (You found it on level 5 of the Dungeon)
 x - a ring of fire
   (You found it on level 4 of the Dungeon)
Wands
 r - a wand of acid (9) {@v1}
   (You found it on level 5 of the Dungeon)
 v - a wand of charming (27)
   (You found it on level 6 of the Dungeon)
 D - a wand of polymorph (8)
   (You found it on level 6 of the Dungeon)
 M - a wand of roots (12) {@v2}
   (You found it on level 10 of the Dungeon)
Scrolls
 c - a scroll of enchant weapon
 m - 2 scrolls of vulnerability
 p - 4 scrolls of blinking {@r4}
 s - 4 scrolls of teleportation {@r3}
 w - 2 scrolls of amnesia
 y - a scroll of fear
 C - a scroll of fog
 E - a scroll of identify {@r1}
 G - 2 scrolls of immolation
 L - a scroll of acquirement {unknown}
Potions
 d - 2 potions of might {@q3}
 e - 8 potions of curing {@q1}
 g - 3 potions of attraction
 l - 4 potions of enlightenment
 n - 2 potions of ambrosia
 u - a potion of brilliance
 A - 4 potions of haste {@q4}
 B - a potion of invisibility
 H - a potion of cancellation
 I - a potion of magic


   Skills:
 + Level 10.9 Fighting
 * Level 14.3 Axes
 + Level 10.8 Armour
 + Level 10.8 Shields


You had 10 spell levels left.
You didn't know any spells.
Your spell library was empty.

Dungeon Overview and Level Annotations

Branches:
Dungeon (11/15)            Temple (1/1) D:6            Lair (0/5) D:8
    Orc (0/2) D:9

Altars:
Ashenzari
Cheibriados
Dithmenos
Elyvilon
Fedhas
Gozag
Hepliaklqana
Kikubaaqudgha
Makhleb
Nemelex Xobeh
Okawaru
Qazlal
Ru
Sif Muna
Trog
Uskayaw
Vehumet
Wu Jian
Xom
Yredelemnul
Zin
The Shining One

Shops:
D:4 *(   D:8 (   D:11 [


Innate Abilities, Weirdness & Mutations

You have a pair of horns on your head.
You reflexively headbutt those who attack you in melee.


Message History

The boulder beetle is distracted by your dazzling golden aura.
The yak gores something!
A yak comes into view.
You block the acid dragon's attack. x2
You slash the boulder beetle!
The boulder beetle is no longer distracted by gold.
You headbutt the boulder beetle, but do no damage.
The boulder beetle is moderately wounded.
You slash the acid dragon!
You kill the acid dragon!
Something hits you but does no damage.
The boulder beetle is distracted by your dazzling golden aura.
Something hits you.
* * * LOW HITPOINT WARNING * * *
You slice the boulder beetle!!
The boulder beetle is no longer distracted by gold.
You headbutt the boulder beetle!
The boulder beetle is severely wounded.
You hit something but do no damage. You slash the yak!
Something hits you but does no damage.
The boulder beetle bites you but does no damage.
You block the yak's attack.
You hit the boulder beetle but do no damage.
You headbutt the boulder beetle, but do no damage.
The boulder beetle is severely wounded.
You slash the yak!
The boulder beetle leaps!
Something hits you but does no damage. The yak gores you!
* * * LOW HITPOINT WARNING * * *
You slash the yak!
The yak is moderately wounded.
You hit the yak. The yak gores you.
* * * LOW HITPOINT WARNING * * *
The yak gores you but does no damage.
You hit the yak. You headbutt the yak, but do no damage.
The yak is moderately wounded.
You hit the yak. You slash the yak! You block the yak's attack. x2
The yak snorts and paws the ground.
The yak closely misses you. You furiously retaliate!
You headbutt the yak!
You kill the yak!
You hit the yak.
The yak is moderately wounded.
You slash the yak! Something hits you but does no damage.
The boulder beetle leaps!
You block something's attack. The yak gores you!
* * * LOW HITPOINT WARNING * * *
The yak gores you!
* * * LOW HITPOINT WARNING * * *
Okay, then.
Okay, then.
Okay, then. [a] - 648 gold - lignification, might, resistance and haste [b] - 360 gold - might, brilliance and resistance [c] - 336 gold - heal wounds, curing and magic Purchase which effect?
You feel much better.
You feel better. Magic courses through your body. Something hits you.
* * * LOW HITPOINT WARNING * * *
Something hits you but does no damage.
A howler monkey comes into view.
The yak gores you but does no damage. The yak gores you.
* * * LOW HITPOINT WARNING * * *
The howler monkey howls!
You slash the yak! Your headbutt misses the yak.
The yak is almost dead.
You slash something! You hit the yak. Something hits you.
* * * LOW HITPOINT WARNING * * *
You block the yak's attack. The yak barely misses you.
You slice the yak!!
You kill the yak!
You barely miss the yak. You closely miss something. Something hits you.
* * * LOW HITPOINT WARNING * * *
Something hits you but does no damage.
A howler monkey comes into view.
You block the yak's attack.
You barely miss the yak. You hit the yak but do no damage. You hit something.
Something hits you.
* * * LOW HITPOINT WARNING * * *
Something hits you.
* * * LOW HITPOINT WARNING * * *
The yak gores you.
* * * LOW HITPOINT WARNING * * *
You block the yak's attack.
You barely miss the yak. You hit the yak. Something hits you.
* * * LOW HITPOINT WARNING * * *
Something completely misses you. The yak gores you.
* * * LOW HITPOINT WARNING * * *
You block the yak's attack.
You barely miss something. You hit the yak. You slash the yak!
Something hits you but does no damage. The yak gores you.
* * * LOW HITPOINT WARNING * * *
You block something's attack. The yak gores you but does no damage.
You closely miss something. You slice the yak!!
You kill the yak!
You slash the yak! Something barely misses you.
The howler monkey hoots and howls with incredible vigour!
The howler monkey is distracted by your dazzling golden aura.
Something hits you but does no damage. The yak barely misses you.
The howler monkey howls!
You hit something but do no damage. You hit the yak. Something hits you!
You die...
Your body crumbles into a pile of gold.

### ##### ##.##
#...)########...#
#....#.##..##...#
.#......#$@..#..##
........hY#$....#
.....)..$$##...####
.....#.(..~~......##
.....#...h♣~~......#
.....##.....~~~~##.###
..##..##.B..~♣<#...#
.................8#
#................####


You could see a boulder beetle, a yak and 2 howler monkeys.

Vanquished Creatures
  Fannar (D:10)
  Erolcha (D:9)
  Erica (D:10)
  Urug (D:10)
  Pikel (D:4)
  A cyclops (D:11)
  Maurice (D:7)
  Maggie (D:7)
  A hornet (D:10)
  4 yaks
  A vampire (D:11)
  3 wyverns
  4 humans (D:9)
  Grum (D:8)
  3 steam dragons
  3 vampire mosquitoes (D:10)
  Menkaure (D:5)
  4 water moccasins
  2 acid dragons
  Duvessa (D:4)
  3 orc warriors
  2 ogres
  5 sky beasts
  2 ice beasts (D:8)
  5 black bears
  5 centaurs
  2 wolves (D:8)
  3 lemures (D:4)
  4 kobold brigands
  7 bullfrogs
  A gnoll sergeant (D:10)
  10 scorpions
  6 wights
  Dowan (D:4)
  14 killer bees
  2 bombardier beetles
  A hound (D:5)
  3 jellies
  7 orc priests
  2 gnoll boudas (D:7)
  6 orc wizards
  A sleepcap (D:8)
  3 iguanas
  15 gnolls
  7 adders
  A shadow imp (D:5)
  A white imp (D:7)
  An ufetubus (D:6)
  A dart slug (D:1)
  A ribbon worm (D:2)
  28 orcs
  4 bats
  10 endoplasms
  4 giant cockroaches
  4 goblins
  6 hobgoblins
  6 quokkas
  7 ball pythons
  A frilled lizard (D:1)
  28 kobolds
  5 rats
261 creatures vanquished.

Notes
Turn   | Place    | Note
-------+----------+-------------------------------------------
     0 | D:1      | EnegeticOcto the Minotaur Fighter began the quest for the
                  | Orb.
     0 | D:1      | Reached XP level 1. HP: 19/19 MP: 0/0
   232 | D:1      | Reached XP level 2. HP: 27/27 MP: 1/1
   349 | D:1      | Reached skill level 3 in Axes
   724 | D:2      | Reached XP level 3. HP: 33/33 MP: 2/2
  1344 | D:3      | Reached XP level 4. HP: 31/40 MP: 3/3
  1348 | D:3      | Reached skill level 4 in Axes
  1605 | D:3      | You fall into a shaft and drop 2 floors!
  1605 | D:5      | Entered Level 5 of the Dungeon
  1631 | D:5      | Noticed Menkaure
  1638 | D:5      | Killed Menkaure
  1639 | D:5      | Reached XP level 5. HP: 47/47 MP: 4/4
  1663 | D:5      | Reached skill level 5 in Axes
  1787 | D:5      | Reached XP level 6. HP: 43/55 MP: 5/5
  1981 | D:5      | Reached skill level 5 in Fighting
  2056 | D:5      | Reached skill level 5 in Armour
  2056 | D:5      | Reached skill level 5 in Shields
  2796 | D:4      | Noticed Duvessa
  2797 | D:4      | Noticed Dowan
  2804 | D:4      | Killed Duvessa
  2805 | D:4      | Reached skill level 6 in Axes
  2805 | D:4      | Reached XP level 7. HP: 13/61 MP: 6/6
  2805 | D:4      | Killed Dowan
  3157 | D:4      | Noticed Pikel
  3173 | D:4      | Killed Pikel
  3174 | D:4      | Reached skill level 7 in Axes
  3174 | D:4      | Reached XP level 8. HP: 50/71 MP: 7/7
  3431 | D:4      | Found Odaxarat's Antique Weapon Boutique.
  3432 | D:4      | Found Techit's Assorted Antiques.
  3439 | D:4      | Bought a murky blue potion for 20 gold pieces
  3439 | D:4      | Bought a metallic purple potion for 20 gold pieces
  3439 | D:4      | Bought a scroll labelled DUEPROY YTIDOL for 23 gold pieces
  3439 | D:4      | Bought a sapphire potion for 20 gold pieces
  3801 | D:4      | Reached skill level 8 in Axes
  4158 | D:6      | Found a staircase to the Ecumenical Temple.
  4209 | Temple   | Entered the Ecumenical Temple
  4214 | Temple   | Became a worshipper of Gozag Ym Sagoz the Greedy
  4245 | D:6      | Reached skill level 9 in Axes
  4349 | D:6      | Reached XP level 9. HP: 74/79 MP: 8/8
  4744 | D:6      | Reached skill level 10 in Axes
  5445 | D:7      | Noticed Maggie
  5465 | D:7      | Killed Maggie
  5716 | D:7      | Reached skill level 11 in Axes
  5831 | D:7      | Noticed Maurice
  5834 | D:7      | Maurice stole a ring of fire
  5842 | D:7      | Maurice stole a +0 war axe
  5845 | D:7      | Maurice stole 98 gold
  5851 | D:7      | Something stole 470 gold
  5870 | D:7      | Killed Maurice
  5871 | D:7      | Reached XP level 10. HP: 46/90 MP: 1/9
  6769 | D:8      | Found a staircase to the Lair.
  6769 | D:8      | Noticed Grum
  6788 | D:8      | Reached skill level 12 in Axes
  6797 | D:8      | Killed Grum
  6917 | D:8      | Found a white marble altar of Elyvilon.
  7472 | D:8      | Found an iron altar of Okawaru.
  7493 | D:8      | Found Odytig's Antique Weapon Boutique.
  7600 | D:8      | Found a shimmering blue altar of Sif Muna.
  7678 | D:8      | Found a broken altar of Ashenzari.
  7998 | D:9      | Found a staircase to the Orcish Mines.
  8036 | D:9      | Reached skill level 13 in Axes
  8036 | D:9      | Reached XP level 11. HP: 56/99 MP: 10/10
  8397 | D:9      | Noticed Erolcha
  8407 | D:9      | Killed Erolcha
  8408 | D:9      | Reached skill level 10 in Fighting
  8408 | D:9      | Reached skill level 10 in Armour
  8408 | D:9      | Reached skill level 10 in Shields
  8668 | D:10     | Entered Level 10 of the Dungeon
  8798 | D:10     | Identified the +1 hat of Suosel {rC+}
  9121 | D:10     | Noticed Fannar
  9122 | D:10     | Noticed Urug
  9147 | D:10     | Killed Fannar
  9154 | D:10     | Killed Urug
  9460 | D:10     | Noticed Erica
  9469 | D:10     | Killed Erica
  9470 | D:10     | Reached skill level 14 in Axes
  9547 | D:10     | Found a sacrificial altar of Ru.
  9562 | D:10     | Found a basalt altar of Yredelemnul.
  9812 | D:11     | Found Wixzuz's Antique Armour Boutique.
  9943 | D:11     | Noticed a boulder beetle
  9968 | D:11     | HP: 1/101 [yak (9)]
  9974 | D:11     | HP: 5/101 [yak (2)]
  9976 | D:11     | Slain by an unseen horror

Illustrated notes

Levels and vault maps discovered:
D:1:      lightli_arrival_chessboard, layout_loops_cross,
          minmay_misc_feat_encased
D:2:      layout_rooms
D:3:      layout_basic
D:4:      layout_gridville, nicolae_wooded_promenade, uniq_duvessa, uniq_pikel
D:5:      layout_loops_ring, uniq_menkaure
D:6:      layout_rooms, minmay_temple_entry_proselytizer, serial_bayou,
          serial_bayou_pond_d, serial_bayou_lagoon_a, serial_bayou_crossing,
          serial_bayou_pond_b
D:7:      minmay_spotlight, layout_layer_cave, grunt_decor_mini_mirrors,
          uniq_maurice, uniq_maggie
D:8:      layout_basic, nicolae_overflow_quartered_altars,
          due_lair_maze_entry_diamond, dreamdust_princess_bridge,
          nrook_loot_triangle, kennysheep_windowed_goal, uniq_grum
D:9:      layout_loops_cross, orc_0_dummy, minmay_ruffians, uniq_erolcha
D:10:     layout_roguey, jmf_multi_god_temple2, uniq_urug, uniq_erica,
          uniq_fannar
D:11:     layout_cave_pools, serial_bayou, serial_bayou_pond_e,
          serial_bayou_lake_a, serial_bayou_lagoon_b, serial_bayou_pond_d,
          serial_shops, nicolae_shop_statue_plus
Temple:   nicolae_temple_bog_church

Skill      XL: |  1  2  3  4  5  6  7  8  9 10 11 |
---------------+----------------------------------+-----
Axes           | 3 4 5 6 7 9 11 13 14 | 14.3
Armour         | 4 5 6 7 8 9 10 | 10.8
Fighting       | 4 5 6 7 8 9 10 | 10.9
Shields        | 4 5 6 7 8 9 10 | 10.8

Action                     |  1- 3 |  4- 6 |  7- 9 | 10-12 || total
---------------------------+-------+-------+-------+-------++-------
  Melee: War axe           |    11 |       |       |       ||    11
         Broad axe         |    72 |    69 |   219 |   271 ||   631
         Headbutt          |     7 |    13 |    42 |    61 ||   123
 Invoke: Potion Petition   |       |       |       |     2 ||     2
    Use: Scroll            |     6 |       |     9 |     9 ||    24
         Potion            |     1 |       |       |     1 ||     2
   Stab: Distracted        |       |       |       |     2 ||     2
 Armour: Scale mail        |    50 |    45 |    27 |       ||   122
         Chain mail        |       |       |   133 |    19 ||   152
         Plate armour      |       |       |       |   216 ||   216
  Dodge: Dodged            |    20 |    32 |   112 |   119 ||   283
  Block: Buckler           |     3 |       |       |       ||     3
         Kite shield       |    34 |    39 |   154 |   200 ||   427
